 Dungeon Crawl Stone Soup version 0.31.0-11-ge490571c62 (webtiles) character file.

Game seed: 4374911540813387076

307887 ragingrage the Slayer (level 21, -6/204 (220) HPs)
             Began as an Oni Warper on Feb 1, 2024.
             Was a High Priest of Nemelex Xobeh.
             Killed by divine providence
             ... invoked by a smoke demon
             ... summoned by an orc sorcerer
             ... led by Saint Roka
              (14 damage)
             ... on level 2 of the Vaults.
             The game lasted 01:37:12 (80304 turns).

ragingrage the Slayer (Oni Warper)                 Turns: 80304, Time: 01:37:13

HP:   -6/204 (220)  AC: 15    Str: 24    XL:     21   Next: 19%
MP:   10/33         EV: 13    Int: 25    God:    Nemelex Xobeh [*****.]
Gold: 662           SH: 18    Dex:  8    Spells: 11/36 levels left

rFire   + . .        b - +6 eveningstar (vamp)
rCold   . . .        D - +2 kite shield
rNeg    . . .        m - +0 swamp dragon scales
rPois   +            (helmet restricted)
rElec   .            z - +2 cloak
rCorr   .            (gloves unavailable)
SInv    .            (boots unavailable)
Will    +++..        U - amulet "Qerum" {RegenMP rF+ Regen+ Str+2 Stlth-} Stlth
                     u - +4 ring of protection
HPRegen 1.34/turn    g - ring "Sotz" {*Corrode EV+5 Str-5 Int+9}
MPRegen 0.63/turn

%: corrode self (3%)
@: extremely horrified, drained
A: large, unfitting armour, horns 2, frail 1, tough skin 1, no stealth,
cowardly, inability to train dodging, inability to train armour, double potion
healing, drunken brawling, large bone plates 1, strong-willed 1
}: 2/15 runes: decaying, serpentine
a: Renounce Religion, Draw Escape, Draw Destruction, Draw Summoning, Draw Stack,
Triple Draw, Deal Four, Stack Five


You were on level 2 of the Vaults.
You worshipped Nemelex Xobeh.
Nemelex Xobeh was extremely pleased with you.
You visited 8 branches of the dungeon, and saw 36 of its levels.
You also visited: Bailey, Volcano and Desolation.

You collected 4312 gold pieces.
You spent 3650 gold pieces at shops.

Inventory:

Hand Weapons
 a - the +11 flail of Astoud {speed, rElec}
   (You found it on level 14 of the Dungeon)

   rElec:     It insulates you from electricity.
 b - a +6 vampiric eveningstar (weapon)
 c - a +6 morningstar of flaming
Missiles
 d - 6 darts of dispersal
 v - 2 curare-tipped darts
 B - 43 large rocks
 L - 7 javelins
 S - 32 boomerangs
 X - 3 throwing nets
Armour
 m - +0 swamp dragon scales (worn)
 z - a +2 cloak (worn)
 D - a +2 kite shield (worn)
Jewellery
 f - the ring of Xom's Recklessness {Fly Int+6 SInv}
   (You found it in the Desolation of Salt)

   [ring of intelligence]

   Int+6:     It affects your intelligence (+6).
   SInv:      It lets you see invisible.
   Fly:       It grants you flight.
 g - the ring "Sotz" (right hand) {*Corrode EV+5 Str-5 Int+9}
   (You found it on level 3 of the Elven Halls)

   [ring of evasion]

   EV+5:      It affects your evasion (+5).
   Str-5:     It affects your strength (-5).
   Int+9:     It affects your intelligence (+9).
   *Corrode:  It may corrode you when you take damage.
 u - a +4 ring of protection (left hand)
 C - the ring "Bifixemp" {+Blink rC+}
   (You found it on level 14 of the Dungeon)

   [ring of protection from cold]

   rC+:       It protects you from cold.
   +Blink:    It lets you blink.
 J - a ring of protection from fire
 U - the amulet "Qerum" (around neck) {RegenMP rF+ Regen+ Str+2 Stlth-}
   (You bought it in a shop on level 1 of the Elven Halls)

   [amulet of magic regeneration]

   RegenMP:   It increases your rate of magic regeneration.
   Str+2:     It affects your strength (+2).
   rF+:       It protects you from fire.
   Regen+:    It increases your rate of health regeneration.
   Stlth-:    It makes you less stealthy.
Wands
 h - a wand of acid (17)
 l - a wand of paralysis (39)
 r - a wand of iceblast (47)
 y - a wand of digging (8)
 A - a wand of mindburst (53)
 I - a wand of polymorph (40)
Scrolls
 e - 12 scrolls of teleportation
 i - 5 scrolls of vulnerability
 n - 4 scrolls of butterflies
 o - 2 scrolls of immolation
 q - 5 scrolls of blinking
 w - 5 scrolls of revelation
 G - a scroll of acquirement
 O - 3 scrolls of fear
 P - 4 scrolls of fog
 Z - a scroll of silence
Potions
 k - 2 potions of berserk rage
 p - a potion of resistance
 s - 4 potions of ambrosia
 t - 3 potions of invisibility
 x - a potion of curing
 E - 5 potions of heal wounds
 F - 2 potions of brilliance
 H - 4 potions of mutation
 K - 6 potions of lignification
 N - 4 potions of cancellation
 Q - a potion of magic
 R - 5 potions of attraction
 T - 10 potions of haste
 V - 8 potions of enlightenment
Miscellaneous
 j - a condenser vane (inert)
 M - a box of beasts (inert)
 W - a phantom mirror
 Y - a phial of floods


   Skills:
 - Level 22.0 Fighting
 - Level 16.0 Maces & Flails
 + Level 11.0 Throwing
 + Level 15.5 Shields
 - Level 8.1 Spellcasting
 + Level 8.2 Necromancy
 - Level 10.0 Translocations
 - Level 5.0 Ice Magic
 - Level 5.0 Air Magic
 - Level 16.2 Invocations
 - Level 13.3 Evocations


You had 11 spell levels left.
You knew the following spells:

 Your Spells              Type           Power      Damage    Failure   Level
a - Ozocubu's Armour      Ice            21%        N/A       5%          3
b - Lesser Beckoning      Tloc           74%        N/A       1%          2
c - Manifold Assault      Tloc           37%        N/A       2%          4
d - Vhi's Electric Charg  Tloc/Air       58%        N/A       6%          4
e - Blink                 Tloc           74%        N/A       1%          2
f - Animate Dead          Necr           32%        N/A       4%          4
g - Death Channel         Necr           16%        N/A       56%         6

Your spell library contained the following spells:

 Spells                   Type           Power      Damage    Failure   Level
 Apportation              Tloc           74%        N/A       1%          1
 Necrotise                Necr           100%       1d9       1%          1
 Sublimation of Blood     Necr           32%        N/A       1%          2
 Gell's Gravitas          Tloc           37%        N/A       1%          3
 Teleport Other           Tloc           37%        N/A       1%          3
 Vampiric Draining        Necr           32%        2d8       1%          3
 Passage of Golubria      Tloc           37%        N/A       2%          4
 Cigotuvi's Dreadful Rot  Necr/Alch/Air  40%        N/A       3%          2
 Dispel Undead            Necr           32%        3d14      4%          4
 Frozen Ramparts          Ice            42%        1d7       5%          3
 Mercury Vapours          Alch/Air       28%        N/A       8%          2
 Curse of Agony           Necr           32%        N/A       13%         5
 Foxfire                  Conj/Fire      24%        2x1d5     14%         1
 Magic Dart               Conj           24%        1d4       14%         1
 Slow                     Hex            24%        N/A       14%         1
 Sting                    Conj/Alch      24%        1d4       14%         1
 Summon Small Mammal      Summ           24%        N/A       14%         1
 Hailstorm                Conj/Ice       14%        3d6       14%         3
 Jinxbite                 Hex            12%        N/A       21%         2
 Searing Ray              Conj           12%        2d4       21%         2
 Mephitic Cloud           Conj/Alch/Air  11%        N/A       21%         3
 Anguish                  Hex/Necr       9%         N/A       26%         4
 Martyr's Knell           Necr/Summ      19%        N/A       26%         4
 Confusing Touch          Hex            6%         N/A       38%         3
 Inner Flame              Hex/Fire       6%         N/A       38%         3
 Passwall                 Erth           6%         N/A       38%         3
 Sigil of Binding         Hex            6%         N/A       38%         3
 Stone Arrow              Conj/Erth      12%        3d7       38%         3
 Tukima's Dance           Hex            6%         N/A       38%         3
 Summon Lightning Spire   Summ/Air       14%        N/A       43%         4
 Summon Forest            Summ/Tloc      10%        N/A       43%         5
 Borgnjor's Vile Clutch   Necr/Erth      9%         N/A       56%         5
 Freezing Cloud           Conj/Ice/Air   8%         6-21      67%         5
 Animate Armour           Summ/Erth      12%        N/A       80%         4
 Brom's Barrelling Bould  Conj/Erth      6%         2d3       80%         4
 Flame Wave               Conj/Fire      6%         2d5       80%         4
 Fulminant Prism          Conj/Alch      3%         3d5       80%         4
 Ignite Poison            Fire/Alch      6%         N/A       80%         4
 Olgreb's Toxic Radiance  Alch           6%         N/A       80%         4
 Petrify                  Alch/Erth      6%         N/A       80%         4
 Sticky Flame             Fire/Alch      6%         2d4       80%         4
 Metabolic Englaciation   Hex/Ice        7%         N/A       80%         5
 Alistair's Intoxication  Alch           4%         N/A       98%         5
 Fireball                 Conj/Fire      3%         3d4       98%         5
 Irradiate                Conj/Alch      3%         3d12      98%         5
 Iskenderun's Battlesphe  Conj           6%         2d6       98%         5
 Lee's Rapid Deconstruct  Erth           3%         3d5*      98%         5
 Yara's Violent Unravell  Hex/Alch       3%         3d4       98%         5
 Bombard                  Conj/Erth      3%         9d1       100%        6
 Conjure Ball Lightning   Conj/Air       7%         3x3d6     100%        6
 Eringya's Noxious Bog    Alch           3%         4d6       100%        6
 Plasma Beam              Fire/Air       7%         2x1d17    100%        6
 Sculpt Simulacrum        Ice/Alch       7%         N/A       100%        6
 Starburst                Conj/Fire      3%         6d3       100%        6
 Haunt                    Necr/Summ      9%         N/A       100%        7
 Orb of Destruction       Conj           3%         9d5       100%        7
 Spellforged Servitor     Conj/Summ      3%         N/A       100%        7
 Summon Hydra             Summ           3%         N/A       100%        7
 Borgnjor's Revivificati  Necr           16%        N/A       100%        8
 Death's Door             Necr           16%        N/A       100%        9


Dungeon Overview and Level Annotations

Branches:
Dungeon (15/15)            Temple (1/1) D:7            Lair (5/5) D:8
  Swamp (4/4) Lair:3        Snake (4/4) Lair:3        Slime (0/5) Lair:5
    Orc (2/2) D:10            Elf (3/3) Orc:2        Vaults (2/5) D:13
 Depths (0/4) D:15         Bailey (visited)         Volcano (visited)
Desolation (visited)
  Crypt: Vaults:2-3

Altars:
Ashenzari
Cheibriados
Dithmenos
Elyvilon
Fedhas
Gozag
Hepliaklqana
Kikubaaqudgha
Makhleb
Nemelex Xobeh
Okawaru
Qazlal
Ru
Sif Muna
Trog
Uskayaw
Vehumet
Wu Jian
Xom
Yredelemnul
Zin
The Shining One

Shops:
D:10 =   D:15 =   Orc:2 [(=*   Elf:1 ::=   Vaults:1 ?

Annotations:
D:5 exclusion: downstairs
D:15 1 runed translucent door, Waecyras's ghost, adept KoGl
Lair:5 1 runed translucent door
Swamp:1 exclusion: downstairs
Snake:4 3 runed translucent doors
Elf:2 5 runed translucent doors


Innate Abilities, Weirdness & Mutations

You are too large for most types of armour.
You have a pair of horns on your head.
You are frail. (-10% HP)
You have tough skin. (AC +1)
You cannot be stealthy.
Your cowardice makes you less effective in combat with threatening foes.
You cannot train Dodging skill.
You cannot train Armour skill.
You gain doubled healing and magic from potions.
Whenever you drink a healing potion, you attack all around you.
You are partially covered in large bone plates. (SH +4)
You are strong-willed. (Will+)


Message History

You barely miss Saint Roka. You headbutt Saint Roka.
Saint Roka is almost dead.
You feel sick. You block the soul eater's attack.
The orc sorcerer hits your mature firesting beast with a +4 dagger.
Saint Roka hits you with a +2 battleaxe of venom!!
* * * LOW HITPOINT WARNING * * *
You are more poisoned.
Saint Roka hits your mature firesting beast with a +2 battleaxe of venom.
Your mature firesting beast dies!
Your mature firesting beast's corpse disappears in a puff of smoke!
The orc high priest calls upon Beogh to heal the orc sorcerer.
The orc sorcerer's wounds heal themselves!
You take a swig of the potion and twirl your +6 vampiric eveningstar.
You hammer the soul eater like a gong!!!
The soul eater is severely wounded.
You closely miss the smoke demon.
The smoke demon is heavily wounded.
You sock Saint Roka!
You feel better.
You headbutt Saint Roka, but do no damage.
Saint Roka is almost dead.
You savour every drop.
You feel better.
You are no longer corroded.
The soul eater barely misses you.
Saint Roka hits you with a +2 battleaxe of venom!!
* * * LOW HITPOINT WARNING * * *
You block the orc high priest's attack. You block the smoke demon's attack. x2
The smoke demon hits you but does no damage.
Aiming: Corrosive Bolt
Press: ? - help, Shift-Dir - straight line, f - Saint Roka
Aim: Saint Roka, wielding a +2 battleaxe of venom and wearing a +1 plate armour of poison resistance (almost dead, lightly drained, 85% to hit)
The bolt of acid hits Saint Roka!!
You kill Saint Roka!
You block the soul eater's attack.
The orc high priest mumbles some strange prayers to Beogh against you.
Beogh smites you!
* * * LOW HITPOINT WARNING * * *
The smoke demon gestures at you. Something smites you!
You die...
Your body glows with a rainbow of weird colours and disappears.

# # # ################## #
*********###................# #
**,,,,,,,..'................# #
**,,,,,*++*#................# #
#*,*++**,,*#..43)...........# #
#*,*,,**,,*#..o3@...........#
#*,*,,**,,*#...#########....#
#*,*,,**,,*#...)o)....,#....# ###
#*,*,,*****#...#.)....,#....# #..
#*,****,,,,#...#..$...,#....###..
#*,,,,,,,,,#...#,.)...,#....#....
#**********#...#,.....,#....#....
# #...#,,....,#....#.... #
########...#########....###..


You could see a soul eater (summoned), an orc high priest (strong), a hellwing
(summoned) and a smoke demon (summoned).

Vanquished Creatures
  Frederick (Vaults:2)
  Saint Roka (Vaults:2)
  2 tentacled monstrosities (Swamp:4)
  A sphinx (D:14)
  A deep elf master archer (Elf:3)
  A deep elf blademaster (Elf:2)
  A thorn hunter (Swamp:4)
  Aizul (Snake:1)
  4 nagarajas (Snake:4)
  A frost giant (Vaults:1)
  6 deep elf sorcerers
  Louise (Snake:1)
  Donald (Vaults:1)
  7 vault wardens
  The ghost of Ikimono the Brawler, a journeyman NaSh of Gozag (Lair:4)
  An angel (Vaults:2)
  4 deep elf elementalists
  2 formless jellyfish (Vaults:1)
  An orc warlord (Orc:2)
  2 ironbound thunderhulks
  3 ironbound preservers
  Nessos (D:14)
  3 eleionomae
  2 bunyips (Swamp:1)
  8 deep elf death magi
  2 halazid warlocks (Desolation)
  7 dire elephants
  3 deep elf annihilators (Elf:3)
  2 crystal guardians (Desolation)
  An entropy weaver (Vaults:1)
  A quicksilver dragon zombie (D:15)
  5 ragged hierophants (Desolation)
  A fire dragon (shapeshifter) (Vaults:2)
  3 yaktaur captains
  2 servants of whispers (Desolation)
  3 vault guards
  3 deep elf high priests (Elf:3)
  A shambling mangrove (Swamp:4)
  An ogre mage (Vaults:1)
  3 great orbs of eyes
  A salamander tyrant (Snake:3)
  An entropy weaver (shapeshifter) (D:14)
  24 hydras
  A ghost crab (Swamp:1)
  8 peacekeepers
  7 alligators
  A sphinx zombie (D:15)
  4 ironbound frosthearts
  6 centaur warriors
  The ghost of puppykicker the Cruncher, a journeyman SpGl of Okawaru (D:9)
  Erolcha (Orc:2)
  2 boulder beetles
  A catoblepas (Lair:2)
  5 anacondas
  5 death yaks
  3 two-headed ogres
  15 naga warriors
  A sphinx skeleton (D:15)
  2 tengu warriors (D:14)
  11 naga sharpshooters
  14 dancing weapons
  3 spectral dire elephants (Lair:5)
  An orc high priest (Orc:1)
  17 deep elf knights
  Urug (Orc:2)
  5 shock serpents
  A hell knight (Volcano)
  8 spriggans
  4 salamander mystics
  8 skeletal warriors
  A spectral anaconda (Lair:5)
  2 skysharks
  4 goliath frogs
  A spectral death yak (Lair:5)
  A flayed ghost (D:14)
  A glowing orange brain (Vaults:2)
  Lodul (D:11)
  A death drake (Vaults:2)
  8 deep trolls
  5 mana vipers
  A bog body (Swamp:2)
  6 naga ritualists
  An orb spider (shapeshifter) (Elf:1)
  6 spriggan druids
  6 lindwurms
  23 deep elf archers
  9 swamp dragons
  An obsidian statue (Lair:5)
  4 orc knights
  6 ironbound convokers
  A steelbarb worm (Vaults:2)
  A lindwurm (shapeshifter) (D:14)
  2 harpies
  6 necromancers
  28 deep elf zephyrmancers
  3 ugly things
  29 deep elf pyromancers
  5 orc sorcerers
  A wolf spider (D:14)
  12 cyclopes
  4 manticores
  2 will-o-the-wisps
  A meliai (shapeshifter) (D:14)
  3 meliai
  9 salamanders
  28 elephants
  A black mamba (shapeshifter) (D:14)
  A kobold blastminer (Orc:2)
  The ghost of olmar the Digger, a novice DgEE (D:6)
  A water nymph (Snake:4)
  A smoke demon (Volcano)
  24 black mambas
  A guardian serpent (Desolation)
  19 naga magi
  10 vault sentinels
  An eye of devastation (shapeshifter) (Elf:3)
  3 gargoyles
  13 cane toads
  2 molten gargoyles (Volcano)
  Jeremiah (D:6)
  A cane toad (shapeshifter) (D:14)
  12 yaktaurs
  An unseen horror (D:10)
  7 rime drakes
  2 freezing wraiths (D:14)
  A tengu conjurer (D:14)
  9 komodo dragons
  A red devil (Volcano)
  7 trolls
  8 hornets
  A wind drake (Elf:3)
  A polar bear (shapeshifter) (Elf:2)
  A queen bee (Lair:4)
  36 saltlings (Desolation)
  14 blink frogs
  Grinder (D:3)
  5 tyrant leeches
  14 slime creatures
  Sigmund (D:2)
  A water elemental (Elf:1)
  2 air elementals
  60 yaks
  2 vampires
  A shadow (D:11)
  11 wyverns
  5 wraiths
  A human (D:7)
  2 fire elementals
  4 wargs
  A golden eye (Elf:3)
  A death yak simulacrum (Lair:5)
  3 redbacks (Vaults:1)
  12 basilisks
  12 vampire mosquitoes
  20 swamp worms
  34 nagas
  An acid dragon (shapeshifter) (Elf:1)
  2 acid dragons
  Duvessa (D:6)
  18 water moccasins
  A hell hound (Lair:4)
  9 swamp drakes
  4 black bears
  An ice beast (D:7)
  21 orc warriors
  3 elephant zombies (Lair:5)
  3 sky beasts
  19 wolves
  16 ogres
  7 centaurs
  2 elephant skeletons (Lair:5)
  2 phantoms (D:4)
  4 lemures (D:6)
  2 kobold brigands (D:10)
  A human zombie (Vaults:1)
  2 earth elementals
  11 bullfrogs
  3 scorpions
  2 gnoll sergeants
  A cane toad simulacrum (Lair:5)
  8 wights
  Dowan (D:6)
  An elephant simulacrum (Lair:5)
  36 killer bees
  An electric eel (Lair:1)
  8 howler monkeys
  3 bombardier beetles
  4 crimson imps (D:13)
  2 lava snakes (Volcano)
  A gnoll bouda (D:7)
  26 orc priests
  6 hounds
  A jelly (D:6)
  2 sleepcaps
  Terence (D:3)
  3 iguanas
  Natasha (thrice) (D:3)
  34 orc wizards
  12 hell rats
  A polar bear simulacrum (Lair:4)
  4 yak simulacra (Lair:4)
  3 wolf simulacra (Lair:4)
  9 adders
  15 gnolls
  6 white imps
  2 ribbon worms (D:3)
  3 dart slugs
  80 orcs
  5 bats
  An endoplasm (D:2)
  2 giant cockroaches
  6 goblins
  12 hobgoblins
  2 jackals (D:2)
  5 kobolds
  2 quokkas
  2 ball pythons (D:2)
  3 frilled lizards
  8 rats
  3 river rat simulacra (Lair:4)
1317 creatures vanquished.

Vanquished Creatures (collateral kills)
  A tengu reaver (Vaults:1)
  An angel (Vaults:2)
  A crystal guardian (Desolation)
  An ettin (Vaults:1)
  2 ragged hierophants (Desolation)
  A naga sharpshooter (Snake:4)
  A naga ritualist (Snake:4)
  An ironbound convoker (Vaults:1)
  A vault sentinel (Vaults:1)
  3 saltlings (Desolation)
  A warg (Orc:2)
  A hell hound (Volcano)
15 creatures vanquished.

Vanquished Creatures (others)
  A nagaraja (Snake:4)
  An alligator (Swamp:1)
  A salamander mystic (Snake:4)
  Pikel (D:6)
  A frost giant zombie (Vaults:1)
  A yaktaur zombie (Vaults:1)
  A harpy zombie (Vaults:1)
  A slime creature (D:10)
  An ogre zombie (Vaults:1)
  4 human zombies (Vaults:1)
  A sky beast (Vaults:2)
  4 foxfires (Swamp:3)
18 creatures vanquished.

Grand Total: 1350 creatures vanquished

Notes
Turn   | Place    | Note
-------+----------+-------------------------------------------
     0 | D:1      | ragingrage the Oni Warper began the quest for the Orb.
     0 | D:1      | Reached XP level 1. HP: 22/22 MP: 3/3
   184 | D:1      | Reached XP level 2. HP: 29/29 MP: 5/5
   316 | D:1      | Reached skill level 1 in Stealth
   795 | D:2      | Reached XP level 3. HP: 23/36 MP: 6/6
   881 | D:2      | Found Gaadoal's Vocational Training.
  1065 | D:2      | Noticed Sigmund
  2171 | D:3      | Noticed Natasha
  2247 | D:3      | Reached XP level 4. HP: 43/44 MP: 7/7
  2415 | D:3      | Found a shimmering altar of Xom.
  2621 | D:3      | Killed Natasha
  2622 | D:3      | Reached XP level 5. HP: 38/50 MP: 8/8
  2714 | D:3      | Found an opulent altar of Gozag.
  2880 | D:3      | Noticed Natasha
  2889 | D:3      | Noticed Terence
  2975 | D:4      | Noticed an ogre
  3012 | D:4      | Noticed a phantom
  3067 | D:4      | Found a basalt altar of Yredelemnul.
  3159 | D:4      | Killed a phantom
  3160 | D:4      | Reached skill level 5 in Maces & Flails
  3280 | D:4      | Reached XP level 6. HP: 26/59 MP: 9/9
  3504 | D:4      | Learned a level 2 spell: Blink
  3547 | D:3      | Killed Natasha
  3877 | D:4      | Learned a level 2 spell: Lesser Beckoning
  3984 | D:4      | Reached XP level 7. HP: 35/66 MP: 10/10
  4421 | D:5      | Entered Level 5 of the Dungeon
  4623 | D:5      | Found a hide-covered altar of Uskayaw.
  5154 | D:5      | Reached skill level 3 in Fighting
  5613 | D:5      | Reached skill level 4 in Fighting
  5613 | D:5      | Reached XP level 8. HP: 71/78 MP: 11/11
  5817 | D:6      | Noticed Duvessa
  5820 | D:6      | Noticed Dowan
  5837 | D:6      | Killed Duvessa
  5991 | D:6      | Identified the ring of Ofanoahes {Ice ^Drain rN+ Str+3}
  6061 | D:6      | Reached skill level 5 in Fighting
  6122 | D:6      | Found a runed translucent door.
  6123 | D:6      | Noticed olmar's ghost (novice DgEE)
  6134 | D:6      | Noticed Pikel
  6263 | D:3      | Noticed Grinder
  6268 | D:3      | Killed Grinder
  6478 | D:3      | Found a shimmering altar of Xom.
  6490 | D:3      | Noticed Natasha
  6500 | D:3      | Killed Natasha
  6549 | D:3      | Found an opulent altar of Gozag.
  6968 | D:6      | Killed Dowan
  7191 | D:6      | Reached skill level 6 in Fighting
  7372 | D:6      | Noticed Maggie
  7377 | D:6      | Maggie changed into Maggie the warg
  7377 | D:6      | Noticed Maggie
  7381 | D:6      | Gained mutation: You are strong-willed. (Will+) [potion of
                  | mutation]
  7381 | D:6      | Gained mutation: You are partially covered in large bone
                  | plates. (SH +4) [potion of mutation]
  7381 | D:6      | Gained mutation: You have a pair of horns on your head.
                  | [potion of mutation]
  7395 | D:6      | Killed Maggie the warg
  7396 | D:6      | Reached skill level 10 in Maces & Flails
  7396 | D:6      | Reached XP level 9. HP: 33/92 MP: 12/12
  7989 | D:6      | Noticed Jeremiah
  8024 | D:7      | Reached skill level 7 in Fighting
  8048 | D:7      | Found a staircase to the Ecumenical Temple.
  8055 | Temple   | Entered the Ecumenical Temple
  8064 | Temple   | Became a worshipper of Ru the Awakened
  8342 | D:7      | Found a flagged portal.
  8366 | Bailey   | Entered a bailey
  8410 | D:7      | Reached skill level 8 in Fighting
  8449 | D:7      | Noticed Maurice
  8454 | D:7      | Maurice changed into Maurice the sky beast
  8454 | D:7      | Noticed Maurice
  8508 | D:6      | Killed Maurice the sky beast
  9065 | D:8      | Found a broken altar of Ashenzari.
  9296 | D:8      | Gained mutation: Your cowardice makes you less effective in
                  | combat with threatening foes. [Ru sacrifice]
  9296 | D:8      | Reached * piety under Ru
  9328 | D:8      | Reached skill level 1 in Evocations
  9350 | D:8      | Identified the +11 great sword of Reeboomyh {freeze, *Noise
                  | rF++ Str+2 Dex-4}
  9377 | D:8      | Reached XP level 10. HP: 102/104 MP: 13/13
 10417 | D:8      | Found a staircase to the Lair.
 10417 | D:8      | Noticed an elephant
 10425 | D:8      | Killed an elephant
 10789 | D:9      | Noticed a two-headed ogre
 10815 | D:9      | Killed a two-headed ogre
 11218 | D:9      | Reached XP level 11. HP: 101/111 MP: 14/14
 11527 | D:9      | Reached skill level 15 in Maces & Flails
 11578 | D:9      | Found a runed translucent door.
 11578 | D:9      | Noticed puppykicker's ghost (journeyman SpGl)
 11854 | D:9      | Gained mutation: You cannot train Dodging skill. [Ru
                  | sacrifice]
 11854 | D:9      | Reached ** piety under Ru
 11894 | D:10     | Entered Level 10 of the Dungeon
 12004 | D:10     | Found a shadowy altar of Dithmenos.
 12301 | D:10     | Noticed a cyclops
 12302 | D:10     | Found a staircase to the Orcish Mines.
 12308 | D:10     | Killed a cyclops
 12396 | D:10     | Found Asytuot's Jewellery Shop.
 12932 | D:6      | Killed Jeremiah
 13012 | D:6      | Killed Pikel
 13281 | D:3      | Killed Terence
 13634 | D:2      | Reached skill level 9 in Fighting
 13670 | D:2      | Killed Sigmund
 13885 | Lair:1   | Entered Level 1 of the Lair of Beasts
 13935 | Lair:1   | Reached XP level 12. HP: 116/124 MP: 15/15
 14007 | Lair:1   | Reached skill level 10 in Fighting
 14655 | Lair:1   | Reached skill level 5 in Evocations
 14868 | Lair:1   | Reached skill level 11 in Fighting
 15249 | Lair:1   | Learned a level 4 spell: Manifold Assault
 15320 | Lair:2   | Gained mutation: You cannot train Armour skill. [Ru
                  | sacrifice]
 15320 | Lair:2   | Reached *** piety under Ru
 15320 | Lair:2   | Reached **** piety under Ru
 15616 | Lair:2   | Noticed a skyshark
 15647 | Lair:2   | Noticed a catoblepas
 15700 | Lair:2   | Killed a catoblepas
 15763 | Lair:2   | Killed a skyshark
 16186 | Lair:2   | Noticed a boulder beetle
 16205 | Lair:2   | Killed a boulder beetle
 16206 | Lair:2   | Reached skill level 5 in Throwing
 16274 | Lair:2   | Reached skill level 12 in Fighting
 16882 | Lair:3   | Noticed a seven-headed hydra
 16960 | Lair:3   | Reached skill level 13 in Fighting
 17030 | Lair:3   | Reached skill level 5 in Translocations
 17030 | Lair:3   | Reached XP level 13. HP: 128/144 MP: 14/16
 17492 | Lair:3   | Reached skill level 14 in Fighting
 17820 | Lair:3   | Learned a level 4 spell: Vhi's Electric Charge
 17824 | Lair:3   | Learned a level 3 spell: Ozocubu's Armour
 17982 | Lair:3   | Found a staircase to the Snake Pit.
 18008 | Lair:3   | Found a staircase to the Swamp.
 18237 | Lair:4   | Gained mutation: You are frail. (-10% HP) [Ru sacrifice]
 18237 | Lair:4   | Reached ***** piety under Ru
 18579 | Lair:4   | Reached skill level 15 in Fighting
 18643 | Lair:4   | Found a large runed translucent door.
 18643 | Lair:4   | Found a large runed translucent door.
 19024 | Lair:4   | Noticed Ikimono's ghost (journeyman NaSh)
 19559 | Lair:4   | Reached XP level 14. HP: 141/142 MP: 18/18
 19876 | Lair:4   | Reached skill level 16 in Fighting
 20535 | Lair:3   | Reached skill level 5 in Spellcasting
 20951 | Lair:5   | Entered Level 5 of the Lair of Beasts
 20964 | Lair:5   | Gained mutation: You cannot be stealthy. [Ru sacrifice]
 20964 | Lair:5   | Reached ****** piety under Ru
 21075 | Lair:5   | Reached skill level 10 in Translocations
 21210 | Lair:5   | Noticed a dire elephant
 21210 | Lair:5   | Noticed a dire elephant
 21210 | Lair:5   | Noticed a dire elephant
 21217 | Lair:5   | Killed a dire elephant
 21865 | Temple   | Fell from the grace of Ru
 21865 | Temple   | Became a worshipper of Nemelex Xobeh the Trickster
 22135 | Lair:5   | Reached skill level 17 in Fighting
 22135 | Lair:5   | Reached skill level 1 in Invocations
 22305 | Lair:5   | Found a runed translucent door.
 22305 | Lair:5   | Found a staircase to the Slime Pits.
 22305 | Lair:5   | Noticed an acid blob
 22305 | Lair:5   | Noticed an acid blob
 22305 | Lair:5   | Noticed an acid blob
 22305 | Lair:5   | Noticed an acid blob
 23573 | Lair:5   | Reached XP level 15. HP: 149/156 MP: 11/24
 24817 | Lair:5   | Found a runed translucent door.
 25687 | Lair:5   | Found a staircase to the Slime Pits.
 25902 | Orc:1    | Entered Level 1 of the Orcish Mines
 26028 | Orc:1    | Found a dark tunnel.
 26119 | Volcano  | Entered a volcano
 26214 | Volcano  | Found a burning altar of Makhleb.
 26371 | Volcano  | Reached skill level 5 in Invocations
 26572 | Orc:1    | Reached * piety under Nemelex Xobeh
 26855 | Orc:2    | Entered Level 2 of the Orcish Mines
 27160 | Orc:2    | Found a staircase to the Elven Halls.
 27305 | Orc:2    | Noticed an orc warlord
 27427 | Orc:2    | Noticed Erolcha
 27436 | Orc:2    | Killed Erolcha
 27937 | Orc:1    | Received a gift from Nemelex Xobeh
 28255 | Orc:2    | Noticed Urug
 28259 | Orc:2    | Killed Urug
 29038 | Orc:2    | Found Tikh's General Store.
 29060 | Orc:2    | Found Fycwety's Jewellery Boutique.
 29068 | Orc:2    | Reached skill level 18 in Fighting
 29168 | Orc:2    | Found Faovear's Antique Armour Boutique.
 29171 | Orc:2    | Found Degreot's Antique Weapon Boutique.
 29395 | Orc:2    | Bought a potion of haste for 100 gold pieces
 29395 | Orc:2    | Bought a scroll of butterflies for 40 gold pieces
 29558 | Orc:2    | Killed an orc warlord
 29924 | D:10     | Found a stormy altar of Qazlal.
 29939 | D:10     | Identified the +2 robe "Suomnyn" {rF- Dex+3}
 30275 | D:11     | Noticed Lodul
 30282 | D:11     | Killed Lodul
 30750 | D:11     | Reached ** piety under Nemelex Xobeh
 30795 | D:11     | Found a glowing golden altar of the Shining One.
 30939 | D:11     | Received a gift from Nemelex Xobeh
 31932 | Orc:2    | Bought the amulet of Ugyitakkec {Reflect rF+ Will+ rCorr
                  | Int+3 SH+5} for 922 gold pieces
 32291 | D:2      | Bought a manual of Invocations for 800 gold pieces
 32874 | D:13     | Found a shimmering altar of Xom.
 32895 | D:13     | You fall into a shaft and drop 2 floors!
 32895 | D:15     | Entered Level 15 of the Dungeon
 32988 | D:15     | Found Des Myh's Jewellery Boutique.
 33129 | D:14     | Received a gift from Nemelex Xobeh
 33256 | D:14     | Found a hide-covered altar of Uskayaw.
 33354 | D:14     | Reached *** piety under Nemelex Xobeh
 33370 | D:14     | Noticed Nessos
 33379 | D:14     | Killed Nessos
 33380 | D:14     | Reached skill level 10 in Throwing
 33577 | D:14     | Reached skill level 10 in Invocations
 33770 | D:14     | Noticed a sphinx
 34033 | D:14     | Reached XP level 16. HP: 166/166 MP: 28/28
 35379 | D:14     | Identified the amulet of the Byakko {*Corrode rN+ Regen+
                  | Dex+4}
 35542 | D:15     | Received a gift from Nemelex Xobeh
 35695 | D:15     | Found a staircase to the Depths.
 36016 | D:15     | Reached skill level 15 in Invocations
 36691 | D:15     | Found a runed translucent door.
 36706 | D:15     | Noticed Waecyras's ghost (adept KoGl)
 36950 | D:15     | Received a gift from Nemelex Xobeh
 37377 | D:14     | Killed a sphinx
 37378 | D:14     | Reached skill level 1 in Air Magic
 37504 | D:14     | Found the +27 heavy crossbow "Sniper" {heavy, Acc+∞ SInv}
 37507 | D:14     | Identified the +11 flail of Astoud {speed, rElec}
 37512 | D:14     | Identified the ring "Bifixemp" {+Blink rC+}
 37912 | Swamp:1  | Entered Level 1 of the Swamp
 40489 | Swamp:2  | Reached **** piety under Nemelex Xobeh
 41062 | Swamp:3  | Reached skill level 1 in Ice Magic
 42108 | Swamp:3  | Reached skill level 5 in Air Magic
 42316 | Swamp:4  | Entered Level 4 of the Swamp
 42495 | Swamp:4  | Received a gift from Nemelex Xobeh
 42637 | Swamp:4  | Noticed a tentacled monstrosity
 42645 | Swamp:4  | Killed a tentacled monstrosity
 42710 | Swamp:4  | Reached XP level 17. HP: 176/176 MP: 8/29
 43089 | Swamp:4  | Reached skill level 5 in Ice Magic
 43474 | D:2      | Bought a manual of Evocations for 800 gold pieces
 43833 | Swamp:4  | Reached skill level 19 in Fighting
 45521 | Swamp:4  | Identified the +1 dagger of Linearity {flame, +Blink rN+
                  | Dex+5}
 45547 | Swamp:4  | Got a decaying rune of Zot
 45572 | Swamp:4  | Noticed a tentacled monstrosity
 45583 | Swamp:4  | Killed a tentacled monstrosity
 45586 | Swamp:4  | Paralysed by a hornet for 2 turns
 45593 | Swamp:4  | HP: 3/180 [constriction (12)]
 46881 | Snake:1  | Entered Level 1 of the Snake Pit
 46899 | Snake:1  | Reached skill level 20 in Fighting
 47093 | Snake:1  | Received a gift from Nemelex Xobeh
 47515 | Snake:1  | Identified the serpent talisman "Wydaca" {rC+ rCorr Str+4}
 47515 | Snake:1  | Noticed Aizul
 47527 | Snake:1  | Killed Aizul
 48019 | Snake:1  | Noticed Louise
 48025 | Snake:1  | Reached skill level 10 in Evocations
 48025 | Snake:1  | Killed Louise
 50060 | Snake:2  | Reached ***** piety under Nemelex Xobeh
 50317 | Snake:2  | Received a gift from Nemelex Xobeh
 51409 | Snake:3  | Received a gift from Nemelex Xobeh
 52255 | Snake:3  | Reached XP level 18. HP: 178/189 MP: 9/30
 52676 | Snake:3  | Received a gift from Nemelex Xobeh
 53118 | Snake:4  | Entered Level 4 of the Snake Pit
 53550 | Snake:4  | Reached skill level 1 in Shields
 53939 | Snake:4  | HP: 7/189 [naga sharpshooter/arrow (13)]
 54913 | Snake:4  | Reached skill level 5 in Shields
 55506 | Snake:4  | Identified the +6 quarterstaff of Disaster {freeze, *Rage
                  | Str+2 Dex+2 Stlth+}
 56154 | Snake:4  | Found a runed translucent gate.
 56154 | Snake:4  | Found a runed translucent gate.
 56154 | Snake:4  | Found a runed translucent gate.
 56544 | Snake:4  | Got a serpentine rune of Zot
 56859 | Snake:4  | Received a gift from Nemelex Xobeh
 57725 | Elf:1    | Entered Level 1 of the Elven Halls
 59120 | Elf:1    | Paralysed by an air elemental for 1 turns
 59123 | Elf:1    | Paralysed by an air elemental for 1 turns
 59165 | Orc:2    | Reached skill level 10 in Shields
 60067 | Elf:1    | Reached XP level 19. HP: 148/197 MP: 1/31
 61158 | Elf:1    | Got the Omnibus of Concussion and Convocation
 61193 | Elf:1    | Found Sarumym's Jewellery Shoppe.
 61193 | Elf:1    | Found Edeipruesm's Book Boutique.
 61194 | Elf:1    | Found Ethit's Book Boutique.
 61677 | Elf:2    | Received a gift from Nemelex Xobeh
 62646 | Elf:2    | Found a huge runed translucent gate.
 62646 | Elf:2    | Found a huge runed translucent gate.
 62652 | Elf:2    | Found a huge runed translucent gate.
 62653 | Elf:2    | Found a huge runed translucent gate.
 62654 | Elf:2    | Found a huge runed translucent gate.
 63279 | Elf:3    | Entered Level 3 of the Elven Halls
 64318 | Elf:3    | Received a gift from Nemelex Xobeh
 65352 | Elf:3    | Reached skill level 21 in Fighting
 68007 | Elf:3    | Identified the ring "Sotz" {*Corrode EV+5 Str-5 Int+9}
 68010 | Elf:3    | Noticed a Brimstone Fiend
 68010 | Elf:3    | a Brimstone Fiend changed into a cacodemon
 68303 | Elf:3    | Identified the +5 falchion of Qookaegg {heavy, Int+3
                  | Stlth+}
 68990 | Elf:3    | Learned a level 4 spell: Animate Dead
 68997 | Elf:3    | Learned a level 6 spell: Death Channel
 69588 | Elf:3    | Identified the blade talisman of Calculation {rN+++ Str-4
                  | Dex-4 SInv}
 69618 | Elf:3    | Identified the amulet of Vaecual {Acrobat rElec rF- rC+}
 69619 | Elf:3    | Identified the amulet of Qihoxker {Acrobat rF+ Str+2}
 69623 | Elf:3    | Got the Tome of the Caves
 69626 | Elf:3    | Identified the staff "Jisaaxuwk" {rPois rN+ Str-3 Stlth+
                  | Earth Alchemy}
 69643 | Elf:3    | Identified the +1 dagger of Unnof {freeze, rC+ Stlth+}
 69649 | Elf:3    | Identified the +14 plate armour of Repulsion {rElec}
 69722 | Elf:3    | Identified the staff of Imiok {^Drain rC+ Will+ Tloc Fire
                  | Ice}
 70071 | D:6      | Killed olmar's ghost
 70080 | D:6      | Identified a scroll of acquirement
 71175 | D:9      | Killed puppykicker's ghost
 71467 | Lair:4   | Killed Ikimono's ghost
 71557 | Lair:5   | Reached skill level 1 in Necromancy
 72021 | D:12     | Received a gift from Nemelex Xobeh
 72666 | D:12     | Reached XP level 20. HP: 176/211 MP: 12/32
 72963 | D:13     | Received a gift from Nemelex Xobeh
 73239 | D:13     | Found a gate to the Vaults.
 73829 | Vaults:1 | Entered Level 1 of the Vaults
 74046 | Vaults:1 | Reached skill level 22 in Fighting
 74412 | Vaults:1 | Noticed Donald
 74425 | Vaults:1 | Killed Donald
 74792 | Vaults:1 | Received a gift from Nemelex Xobeh
 75266 | Vaults:1 | Found Ydwac's Magic Scroll Boutique.
 75286 | Vaults:1 | Reached skill level 5 in Necromancy
 75309 | Vaults:1 | Bought a scroll of enchant weapon for 120 gold pieces
 75310 | Vaults:1 | Bought a scroll of revelation for 120 gold pieces
 75717 | Elf:1    | Bought the amulet "Qerum" {RegenMP rF+ Regen+ Str+2 Stlth-}
                  | for 748 gold pieces
 76065 | Vaults:2 | Identified the orb of Dawn {*channel, Will++ Dex-2}
 76065 | Vaults:2 | Noticed Frederick
 76240 | Vaults:2 | Found a white marble altar of Elyvilon.
 76240 | Vaults:2 | Found a glowing silver altar of Zin.
 76240 | Vaults:2 | Found a crumbling gateway.
 76366 | Vaults:2 | Received a gift from Nemelex Xobeh
 76517 | Vaults:2 | Killed Frederick
 76541 | Vaults:2 | Found a glowing golden altar of the Shining One.
 76623 | Desolati | Entered the Desolation of Salt
 77141 | Desolati | Reached skill level 15 in Shields
 77202 | Desolati | Identified the +1 long sword of Plunder {drain, *Slow Str+3
                  | Dex+3}
 77393 | Desolati | Got the Elucidation of the Transmuted Winter
 77403 | Desolati | Got Eshifi's Anthology of the Tundra
 77945 | Desolati | Identified the +1 robe of Lust {Will+ Int+3}
 78687 | Desolati | Reached XP level 21. HP: 176/220 MP: 33/33
 79115 | Desolati | Got the Volume of Nightshade
 79359 | Desolati | Identified the ring of Xom's Recklessness {Fly Int+6 SInv}
 79925 | Vaults:2 | Received a gift from Nemelex Xobeh
 80277 | Vaults:2 | Noticed Saint Roka
 80304 | Vaults:2 | Killed Saint Roka
 80304 | Vaults:2 | HP: 8/204 [orc high priest/divine providence[Saint Roka]
                  | (12)]
 80304 | Vaults:2 | Killed from afar by a smoke demon

Illustrated notes

Levels and vault maps discovered:
D:1:      lemuel_arrival_rhombus, layout_basic
D:2:      layout_loops_ring, nicolae_shop_vocational, uniq_sigmund
D:3:      layout_loops_ring, mainiacjoe_overflow_cross_hatched,
          grunt_gozag_breadcrumbs, uniq_terence, uniq_natasha, uniq_grinder
D:4:      layout_basic, marbit_many_paths
D:5:      layout_gridville, lemuel_crystal_altar
D:6:      layout_basic, hellmonk_ghost_happy_afterlife, grunt_ministairs_3,
          minmay_misc_feat_secret_circle, uniq_pikel, uniq_duvessa, uniq_maggie,
          uniq_jeremiah
D:7:      layout_cave_pools, minmay_temple_entry_slanted, enter_bailey_2,
          hangedman_abyss_or_decor_passed, uniq_maurice
D:8:      layout_loops_corners, mainiacjoe_overflow_concentric_impassable,
          grunt_lair_entry_orc_guard_hut, grunt_ministairs_12,
          serial_park_tiny_2, chequers_serial_rivers_micro_d
D:9:      layout_basic, gammafunk_ghost_grave
D:10:     layout_grid_maze, mainiacjoe_overflow_boulevard,
          nicolae_dithmenos_shadow_blocks, erik_orc_3, serial_shops,
          nicolae_shop_tiny_waterfront
D:11:     layout_loops_ring, nicolae_tso_swordbearing_angel, uniq_lodul
D:12:     layout_stronghold
D:13:     layout_roguey, erik_vaults_1, led_xom_imps
D:14:     minmay_the_grid_octo_triangle [minmay_the_grid_octo_empty,
          minmay_the_grid_octo_prize_ultimate_mussel_roller,
          minmay_the_grid_octo_thin_diamonds], layout_basic,
          nicolae_uskayaw_murder_on_the_dancefloor, uniq_nessos
D:15:     gammafunk_depths_entry_grave, layout_cave_pods, serial_shops,
          nicolae_shop_peninsula, ebering_ghost_inner_flame
Temple:   hellmonk_temple_of_storms
Lair:1:   layout_loops_ring, minivault_25, serial_bayou_lake_a
Lair:2:   layout_layer_cave
Lair:3:   layout_concentric_octagons, minmay_swamp_entry_worms,
          guppyfry_snake_entry_island
Lair:4:   regret_index_wax_grids, layout_gridlike, special_room
          [special_room_mythical_zoo], ebering_ghost_disaster_area,
          eino_house_with_fridge, serial_bayou_shore_b, lemuel_fruit_tree
Lair:5:   due_jungle_book, layout_misc_corridors, slime_entry_2,
          chequers_serial_rivers_small_b, grunt_megastairs_1
Swamp:1:  layout_falls_marsh, nicolae_swamp_dense_foliage, swamp_pool_1_2
Swamp:2:  layout_falls_marsh, evilmike_swamp_ruin_house_1, swamp_pool_1_2
Swamp:3:  cheibrodos_swamp_heart_of_darkness, layout_basic_swamp,
          evilmike_swamp_ruin_house_2, swamp_pool_1_2,
          nicolae_swamp_decorative_isthmus
Swamp:4:  swamp_alternative, layout_basic_swamp
Snake:1:  layout_basic, uniq_aizul, uniq_louise
Snake:2:  layout_misc_corridors, nicolae_snake_squiggles, grunt_ministairs_12
Snake:3:  layout_grid_maze
Snake:4:  snake_pit, layout_rooms, nicolae_snake_gridmaze_swirls,
          nicolae_snake_horde_hoard
Orc:1:    layout_diamond_mine, nicolae_volcano_entry_hallway
Orc:2:    grunt_orc_cross, layout_diamond_mine, basic_altar,
          nicolae_orc_quarried_blocks, uniq_erolcha
Elf:1:    eino_elf_arrival_the_gate, layout_rooms, minmay_elf_sorcery,
          minmay_shop_grove
Elf:2:    elven_hall_of_blades_hangedman_alternative
          [nicolae_blade_entry_diamond_columns], layout_rooms,
          nicolae_zig_zag_zippers
Elf:3:    minmay_elf_hall_dome, layout_loops_cross
Vaults:1: ontoclasm_vaults_pinch, ontoclasm_vaults_gateway,
          hangedman_vaults_corner_blocks, v_misc_17,
          nicolae_vaults_ninety_degrees, v_misc_10, st_star,
          hangedman_vaults_pinch, v_rooms_2, vaults_mumra_hexcomb,
          layout_vaults_maze_snakey, serial_shops, nicolae_shop_hallway_plus,
          uniq_donald
Vaults:2: portal_desolation_entry_holy_temple, grunt_vaults_twisty,
          vaults_room_pools, ontoclasm_vaults_twist, v_rooms_3, v_misc_11,
          nicolae_vaults_closet_pinwheel_2, v_misc_18,
          nicolae_vaults_sesquioval_fish, vaults_room_pools,
          vaults_dpeg_diagonal, nicolae_vaults_shipping_containers_4,
          layout_vaults_omnicross, serial_shops, nicolae_shop_rolling_square,
          uniq_saint_roka, uniq_frederick

Skill      XL: |  1  2  3  4  5  6  7  8  9 10 11 12 13 14 15 16 17 18 19 20 21 |
---------------+----------------------------------------------------------------+-----
Stealth        | 1 2 0 |  0.0
Maces & Flails | 3 4 5 7 8 10 12 14 16 | 16.0
Fighting       | 4 6 8 9 13 15 17 18 20 21 22 | 22.0
Evocations     | 1 3 4 5 6 13 | 13.3
Throwing       | 3 6 8 10 11 | 11.0
Dodging        | 0 |  0.0
Translocations | 5 9 10 | 10.0
Spellcasting   | 3 6 8 |  8.1
Invocations    | 3 10 16 | 16.2
Air Magic      | 5 |  5.0
Ice Magic      | 4 5 |  5.0
Shields        | 10 13 15 | 15.5
Necromancy     | 1 7 8 |  8.2

Action                     |  1- 3 |  4- 6 |  7- 9 | 10-12 | 13-15 | 16-18 | 19-21 || total
---------------------------+-------+-------+-------+-------+-------+-------+-------++-------
  Melee: Mace              |   128 |    81 |       |       |       |       |       ||   209
         Headbutt          |    18 |    14 |    43 |   136 |   207 |    88 |   186 ||   692
         Morningstar       |       |    34 |   308 |   609 |  1214 |  1108 |   103 ||  3376
         Punch             |       |     1 |     2 |    12 |    19 |     8 |       ||    42
         Flail             |       |       |       |    88 |       |   205 |   609 ||   902
         Eveningstar       |       |       |       |       |       |       |   569 ||   569
   Fire: Shortbow          |       |       |     5 |     9 |       |       |       ||    14
  Throw: Dart              |     2 |    17 |    49 |    26 |     8 |       |     2 ||   104
         Javelin           |       |       |       |     4 |       |       |     2 ||     6
         Boomerang         |       |       |       |       |    33 |     2 |     1 ||    36
         Large rock        |       |       |       |       |       |     3 |    87 ||    90
   Cast: Manifold Assault  |       |       |       |       |   202 |   660 |   348 ||  1210
         Ozocubu's Armour  |       |       |       |       |       |     2 |     2 ||     4
         Animate Dead      |       |       |       |       |       |       |     1 ||     1
 Invoke: Sacrifice Courage |       |       |     1 |       |       |       |       ||     1
         Sacrifice Nimblen |       |       |       |     1 |       |       |       ||     1
         Sacrifice Durabil |       |       |       |     1 |       |       |       ||     1
         Apocalypse        |       |       |       |       |     2 |       |       ||     2
         Power Leap        |       |       |       |       |     1 |       |       ||     1
         Sacrifice Health  |       |       |       |       |     1 |       |       ||     1
         Sacrifice Stealth |       |       |       |       |     1 |       |       ||     1
         Draw Destruction  |       |       |       |       |     2 |    28 |    25 ||    55
         Draw Summoning    |       |       |       |       |     2 |     3 |     3 ||     8
         Draw Escape       |       |       |       |       |       |     4 |       ||     4
         Stack Five        |       |       |       |       |       |     1 |       ||     1
  Evoke: Wand              |       |     3 |     9 |    12 |     8 |     7 |     5 ||    44
         Phantom mirror    |       |       |       |       |     2 |     1 |     2 ||     5
         Phial of floods   |       |       |       |       |     1 |     1 |     1 ||     3
         Box of beasts     |       |       |       |       |     1 |     1 |     2 ||     4
         Condenser vane    |       |       |       |       |       |     1 |     1 ||     2
    Use: Scroll            |       |     1 |     5 |     4 |    11 |    11 |    16 ||    48
         Potion            |       |       |     5 |     2 |     3 |     5 |     2 ||    17
   Stab: Sleeping          |     1 |     3 |     2 |       |       |       |       ||     6
         Distracted        |       |       |       |     3 |     9 |       |     2 ||    14
         Invisible         |       |       |       |       |     6 |     3 |       ||     9
         Paralysed         |       |       |       |       |     5 |     1 |       ||     6
 Armour: Robe              |   101 |    90 |    89 |       |       |       |       ||   280
         Steam dragon scal |       |       |    65 |    97 |       |       |       ||   162
         Troll leather arm |       |       |       |   201 |   463 |       |       ||   664
         Quicksilver drago |       |       |       |       |    63 |   202 |       ||   265
         Swamp dragon scal |       |       |       |       |       |   327 |   383 ||   710
  Dodge: Dodged            |    72 |    63 |   251 |   324 |   440 |   218 |   157 ||  1525
  Block: Other             |       |       |    28 |    72 |   128 |   153 |       ||   381
         Reflection        |       |       |       |       |     7 |    62 |    49 ||   118
         Kite shield       |       |       |       |       |       |   105 |   519 ||   624
